 Dungeon Crawl Stone Soup version 0.22.1 (webtiles) character file.

4296 Heatsaber the Slicer (level 10, 0/46 HPs)
             Began as a Vine Stalker Skald on Sept 19, 2018.
             Was a Follower of Kikubaaqudgha.
             Slain by a two-headed ogre
             ... wielding a +0 giant spiked club
              (8 damage)
             ... on level 9 of the Dungeon.
             The game lasted 01:16:28 (8068 turns).

Heatsaber the Slicer (Vine Stalker Skald)           Turns: 8068, Time: 01:16:30

Health: 0/46       AC: 13    Str: 16    XL:     10   Next: 32%
Magic:  0/18       EV: 11    Int: 14    God:    Kikubaaqudgha [*.....]
Gold:   583        SH:  5    Dex: 14    Spells: 3/19 levels left

rFire    . . .     SeeInvis +   n - +0 rapier
rCold    . . .     Gourm    .   f - +0 buckler
rNeg     . . .     Faith    .   i - +0 ring mail
rPois    +         Spirit   +   y - +1 helmet
rElec    .         Reflect  .   l - +2 cloak
rCorr    .         Harm     .   (no gloves)
MR       +....                  t - +2 pair of boots
Stlth    +.........             (no amulet)
HPRegen  0.55/turn              h - ring of see invisible
MPRegen  0.16/turn              (no ring)

@: no status effects
A: fangs 3, hooves 1, poison resistance, regeneration 1, evolution 1, magic
shield, antimagic bite, no potion heal 3, rot immunity
a: Receive Corpses, Renounce Religion


You were on level 9 of the Dungeon.
You worshipped Kikubaaqudgha.
Kikubaaqudgha was aware of your devotion.
You were not hungry.

You visited 2 branches of the dungeon, and saw 10 of its levels.
You also visited: Ossuary.

You collected 583 gold pieces.

Inventory:

Hand Weapons
 n - a +0 rapier (weapon)
 q - a +0 blowgun
Missiles
 r - 27 poisoned needles
Armour
 b - a +0 plate armour
 f - a +0 buckler (worn)
 i - a +0 ring mail (worn)
 l - a +2 cloak (worn)
 t - a +2 pair of boots (worn)
 y - a +1 helmet (worn)
 G - a +0 cloak of poison resistance
Magical Staves
 z - an uncursed staff of poison
Jewellery
 h - a ring of see invisible (left hand)
Wands
 k - a wand of paralysis (25)
 v - a wand of acid (7)
 E - a wand of clouds (5)
Scrolls
 j - a scroll of amnesia
 o - 2 scrolls of identify
 u - 2 scrolls of remove curse
 w - a scroll of immolation {unknown}
 x - a scroll of teleportation
 B - 3 scrolls of blinking
 F - a scroll of enchant weapon {unknown}
 H - 2 scrolls of enchant armour
Potions
 c - 2 potions of flight
 e - 2 potions of ambrosia {unknown}
 g - 4 potions of mutation
 m - a potion of resistance
 p - 2 potions of agility
 s - a potion of brilliance
 A - 3 potions of might
 C - 2 potions of magic
 D - 4 potions of curing
Comestibles
 d - 19 rations


   Skills:
 + Level 2.0 Fighting
 * Level 9.7 Short Blades
 - Level 1.1 Armour
 - Level 1.5 Dodging
 - Level 4.1 Shields
 + Level 5.0 Spellcasting
 - Level 5.0 Charms
 + Level 5.6 Necromancy
 - Level 3.0 Translocations


You had 3 spell levels left.
You knew the following spells:

 Your Spells              Type           Power        Failure   Level  Hunger
a - Animate Skeleton      Necr           N/A          3%          1    None
b - Song of Slaying       Chrm           ###.....     6%          2    ##.....
c - Shroud of Golubria    Chrm/Tloc      ##........   10%         2    ##.....
d - Blink                 Tloc           N/A          14%         2    ##.....
e - Mephitic Cloud        Conj/Pois/Air  #.......     69%         3    ###....
f - Vampiric Draining     Necr           ###.......   10%         3    ###....
r - Regeneration          Chrm/Necr      ###.......   11%         3    ###....

Your spell library contained the following spells:

 Spells                   Type           Power        Failure   Level  Hunger
 Pain                     Necr           ###.         3%          1    None
 Infusion                 Chrm           ###.         4%          1    None
 Sublimation of Blood     Necr           ###.......   4%          2    ##.....
 Freeze                   Ice            #...         32%         1    None
 Magic Dart               Conj           #...         32%         1    None
 Ozocubu's Armour         Chrm/Ice       ##......     34%         3    ###....
 Spectral Weapon          Hex/Chrm       ##......     34%         3    ###....
 Call Imp                 Summ           #.......     45%         2    ##.....
 Slow                     Hex            #.......     45%         2    ##.....
 Throw Frost              Conj/Ice       #.....       45%         2    ##.....
 Conjure Flame            Conj/Fire      #.......     69%         3    ###....
 Summon Ice Beast         Ice/Summ       #.......     97%         4    ####...
 Throw Icicle             Conj/Ice       #.......     97%         4    ####...


Dungeon Overview and Level Annotations

Branches:
Dungeon (9/15)             Temple (1/1) D:5
   Lair: D:8-11         Orc: D:9-12

Altars:
Ashenzari
Cheibriados
Dithmenos
Elyvilon
Fedhas
Gozag
Hepliaklqana
Kikubaaqudgha
Makhleb
Nemelex Xobeh
Okawaru
Qazlal
Ru
Sif Muna
Uskayaw
Vehumet
Wu Jian
Xom
Yredelemnul
Zin
The Shining One

Shops:
D:4 (   D:8 (


Innate Abilities, Weirdness & Mutations

You have razor-sharp teeth.
Your natural rate of healing is unusually fast.
When hurt, damage is shared between your health and your magic reserves.
Your bite disrupts and absorbs the magic of your enemies.
Potions cannot restore your health.
You are immune to rotting.
You have large cloven feet.
Your system is resistant to poisons. (rPois)
You evolve.


Message History

Casting: Song of Slaying (safe; 6% risk of failure)
Confirm with . or Enter, or press ? or * to list all spells.
Aiming: Vampiric Draining (safe; 10% risk of failure)
Press: ? - help, Shift-Dir - straight line, f - two-headed ogre
Aim: a two-headed ogre, wielding a giant spiked club and a giant club The two-headed ogre is moderately wounded.
You feel life coursing into your body.
Evoke which item? (* to show all) (? for menu, Esc to quit)
Aiming: Corrosive Bolt
Press: ? - help, Shift-Dir - straight line, f - hungry ghost, p - two-headed
Aim: a hungry ghost The bolt of acid hits the two-headed ogre.
The two-headed ogre is splashed with acid.
The two-headed ogre is heavily wounded.
The bolt of acid misses the hungry ghost.
The two-headed ogre hits you with a giant spiked club!
* * * LOW HITPOINT WARNING * * *
The two-headed ogre hits you with a giant club!
You die...
Kikubaaqudgha rasps: "You have failed me!
Welcome... death!"

#.#.####### #### #.........#
#... #.#.......######.##
#.#.#..............
#................## #####
###.#.############# ......
#.#.#....#### #
......#######.#.#......†#####
......+...WO@.............†.<
.....#....##.#.....<.....)#.
#.............####.....##.#.
###
####...W.............###.#.
.... #.........#######. #.#.
..... #.........# #. ....
......##....[....### #. ....
...........).......# #. ....
.......$..###....#.# .....


You could see a two-headed ogre and a hungry ghost.

Vanquished Creatures
  A cyclops (D:7)
  Maurice (D:7)
  A hippogriff (D:8)
  A steam dragon (D:9)
  3 ice beasts (D:5)
  An orc warrior (D:8)
  A sky beast (D:5)
  3 phantoms
  2 black bears (D:8)
  A necrophage (D:7)
  3 ogres
  3 centaurs
  A big kobold (D:9)
  An elf zombie (Ossuary)
  4 bullfrogs
  A jelly (D:6)
  2 scorpions
  3 wights (D:6)
  A howler monkey (D:7)
  2 crimson imps
  4 orc wizards
  A human zombie (Ossuary)
  5 orc priests
  Crazy Yiuf (D:7)
  A bullfrog skeleton (D:5)
  3 hounds
  Terence (D:2)
  4 worker ants
  An iguana (D:7)
  A big kobold zombie (Ossuary)
  2 hound zombies
  5 mummies
  A hound skeleton (D:4)
  A howler monkey zombie (D:7)
  6 adders
  A shadow imp (D:4)
  An adder skeleton (D:4)
  An adder zombie (Ossuary)
  A worm (D:2)
  2 leopard geckos
  29 orcs
  A ball python (D:1)
  3 giant cockroaches
  10 goblins
  10 hobgoblins
  2 quokkas
  7 bats
  6 frilled lizards
  A goblin zombie (Ossuary)
  A hobgoblin zombie (Ossuary)
  A jackal skeleton (D:4)
  4 jackal zombies
  8 kobolds
  A kobold zombie (Ossuary)
  3 leopard gecko skeletons
  4 rats
  A rat zombie (Ossuary)
  A toadstool (D:1)
172 creatures vanquished.

Vanquished Creatures (collateral kills)
  A black bear (D:8)
  A bullfrog (D:8)
  A crimson imp (D:8)
  A hound (D:8)
  An orc wizard (D:8)
  An adder (D:8)
6 creatures vanquished.

Vanquished Creatures (others)
  3 toadstools (D:1)
3 creatures vanquished.

Grand Total: 181 creatures vanquished

Notes
Turn   | Place    | Note
-------+----------+-------------------------------------------
     0 | D:1      | Heatsaber the Vine Stalker Skald began the quest for the
                  | Orb.
     0 | D:1      | Reached XP level 1. HP: 11/11 MP: 4/4
   380 | D:1      | Reached skill level 1 in Armour
   396 | D:1      | Reached skill level 2 in Short Blades
   399 | D:1      | Reached XP level 2. HP: 10/15 MP: 6/6
   416 | D:1      | Learned a level 2 spell: Song of Slaying
   782 | D:1      | Reached XP level 3. HP: 18/18 MP: 8/8
   970 | D:2      | Reached skill level 1 in Shields
  1026 | D:2      | Learned a level 2 spell: Shroud of Golubria
  1403 | D:2      | Gained mutation: Your natural rate of healing is unusually
                  | fast. [Vine Stalker growth]
  1403 | D:2      | Reached XP level 4. HP: 23/23 MP: 9/9
  1513 | D:2      | Found a shadowy altar of Dithmenos.
  1713 | D:2      | Noticed Terence
  1742 | D:2      | Killed Terence
  1820 | D:3      | Reached skill level 3 in Short Blades
  1820 | D:3      | Reached XP level 5. HP: 24/26 MP: 8/11
  2000 | D:3      | Gained mutation: Your system is resistant to poisons.
                  | (rPois) [potion of mutation]
  2000 | D:3      | Gained mutation: You evolve. [potion of mutation]
  2107 | D:3      | Found a sacrificial altar of Ru.
  2107 | D:3      | Found a hide-covered altar of Uskayaw.
  2180 | D:3      | Reached XP level 6. HP: 30/30 MP: 12/12
  2813 | D:4      | Noticed a phantom
  2857 | D:4      | Killed a phantom
  2857 | D:4      | Reached skill level 4 in Short Blades
  2914 | D:4      | Reached XP level 7. HP: 34/34 MP: 14/14
  2936 | D:4      | Found Kaclogi's Weapon Emporium.
  2940 | D:4      | Learned a level 2 spell: Blink
  2944 | D:4      | Learned a level 3 spell: Mephitic Cloud
  2980 | D:4      | You fall through a shaft!
  2980 | D:5      | Entered Level 5 of the Dungeon
  3079 | D:4      | Found a glowing silver altar of Zin.
  3198 | D:4      | Reached skill level 1 in Translocations
  3440 | D:5      | Found a staircase to the Ecumenical Temple.
  3520 | D:5      | Reached skill level 5 in Spellcasting
  3628 | Temple   | Entered the Ecumenical Temple
  4190 | Temple   | Became a worshipper of Kikubaaqudgha
  4321 | D:5      | Gained mutation: You have razor-sharp teeth. [Vine Stalker
                  | growth]
  4321 | D:5      | Reached XP level 8. HP: 31/38 MP: 16/16
  4381 | D:5      | Reached skill level 5 in Short Blades
  4613 | D:5      | Reached skill level 6 in Short Blades
  4670 | D:5      | Learned a level 3 spell: Regeneration
  4934 | D:6      | Found a hazy altar of Hepliaklqana.
  5158 | D:6      | Reached skill level 1 in Necromancy
  5470 | D:6      | Reached skill level 7 in Short Blades
  5470 | D:6      | Reached XP level 9. HP: 42/42 MP: 17/17
  6090 | D:7      | Found a sand-covered staircase.
  6099 | Ossuary  | Entered an ossuary
  6119 | Ossuary  | Reached * piety under Kikubaaqudgha
  6119 | Ossuary  | Identified Kikubaaqudgha's Incunabulum of Stolen Souls
                  | (Kikubaaqudgha gifted it to you in an ossuary)
  6119 | Ossuary  | Received a gift from Kikubaaqudgha
  6310 | D:7      | Learned a level 1 spell: Animate Skeleton
  6314 | D:7      | Learned a level 3 spell: Vampiric Draining
  6679 | D:7      | Noticed a cyclops
  6850 | D:8      | Noticed Maurice
  6878 | D:7      | Killed Maurice
  6915 | D:8      | Reached skill level 8 in Short Blades
  6926 | D:7      | Reached skill level 5 in Charms
  7030 | D:7      | Found a runed door.
  7034 | D:7      | Noticed Crazy Yiuf
  7042 | D:7      | Killed Crazy Yiuf
  7231 | D:7      | Killed a cyclops
  7382 | D:8      | Reached skill level 9 in Short Blades
  7382 | D:8      | Reached XP level 10. HP: 29/46 MP: 8/18
  7403 | D:8      | Reached skill level 5 in Necromancy
  7416 | D:8      | Gained mutation: You have large cloven feet. [evolution]
  7601 | D:8      | Found Ruywk's Weapon Boutique.
  8046 | D:9      | Noticed a two-headed ogre
  8068 | D:9      | Slain by a two-headed ogre

Skill      XL: |  1  2  3  4  5  6  7  8  9 10 |
---------------+-------------------------------+-----
Armour         | 1 |  1.1
Short Blades   | 2 3 4 7 9 |  9.7
Shields        | 1 2 3 4 |  4.1
Spellcasting   | 3 4 5 |  5.0
Translocations | 2 3 |  3.0
Necromancy     | 2 4 5 |  5.6
Charms         | 5 |  5.0
Fighting       | 2 |  2.0
Dodging        | |  1.5

Action                   |  1- 3 |  4- 6 |  7- 9 | 10-12 || total
-------------------------+-------+-------+-------+-------++-------
Melee: Short sword       |   115 |   175 |       |       ||   290
       Bite              |    31 |    53 |   143 |    40 ||   267
       Rapier            |       |    51 |   438 |   105 ||   594
 Cast: Song of Slaying   |     1 |     1 |     5 |     2 ||     9
       Shroud of Golubri |       |       |     3 |       ||     3
       Regeneration      |       |       |     2 |     1 ||     3
       Blink             |       |       |     1 |       ||     1
       Vampiric Draining |       |       |     4 |     7 ||    11
       Animate Skeleton  |       |       |     1 |    10 ||    11
       Mephitic Cloud    |       |       |     1 |     1 ||     2
Evoke: Wand              |       |       |     6 |     1 ||     7
  Use: Scroll            |     1 |       |    17 |       ||    18
       Potion            |     2 |     5 |       |       ||     7
 Stab: Paralysed         |       |       |     2 |       ||     2
       Confused          |       |       |     2 |     1 ||     3
  Eat: Chunk             |     2 |     5 |    12 |     3 ||    22
       Ration            |       |       |     1 |     1 ||     2
Armor: Leather armour    |     3 |       |       |       ||     3
       Ring mail         |    34 |    63 |   194 |    66 ||   357
Dodge: Dodged            |    90 |   132 |   219 |    71 ||   512
Block: Buckler           |       |       |    84 |    39 ||   123
